 Dungeon Crawl Stone Soup version 0.30.0-19-g36f170ea60 (webtiles) character file.

Game seed: 13826546111234404235

2132 wingedge the Caller (level 9, -8/58 HPs)
             Began as an Octopode Summoner on May 30, 2023.
             Was an Initiate of Kikubaaqudgha.
             Killed by divine providence
             ... invoked by an orc priest
              (13 damage)
             ... on level 6 of the Dungeon.
             The game lasted 00:31:25 (8015 turns).

wingedge the Caller (Octopode Summoner)             Turns: 8015, Time: 00:31:26

Health: -8/58      AC:  5    Str: 12    XL:     9   Next: 30%
Magic:  9/15       EV: 11    Int: 19    God:    Kikubaaqudgha [......]
Gold:   284        SH:  9    Dex: 13    Spells: 7/16 levels left

rFire   . . .        B - +1 flail (venom)
rCold   . . .        k - +0 kite shield "Moqomigg" {Str+3 SInv Stlth+}
rNeg    . . .        (helmet restricted)
rPois   .            (no amulet)
rElec   .            f - ring of flight
rCorr   .            t - +4 ring of protection
SInv    +            (no ring)
Will    .....        (no ring)
Stlth   +++++        (no ring)
HPRegen 0.29/turn    (no ring)
MPRegen 0.14/turn    (no ring)
                     (no ring)

%: no passive effects
@: flying
A: almost no armour, amphibious, 8 rings, camouflage 1, gelatinous body 1,
(nimble swimmer 1), tentacles
a: Renounce Religion


You were on level 6 of the Dungeon.
You worshipped Kikubaaqudgha.
Kikubaaqudgha was noncommittal.
You visited 2 branches of the dungeon, and saw 7 of its levels.
You also visited: Sewer.

You collected 284 gold pieces.

Inventory:

Hand Weapons
 r - a +0 short sword of protection
 w - a +1 dagger of holy wrath
 A - a +1 dagger of speed
 B - a +1 flail of venom (weapon)
 C - a +0 rapier of flaming
Missiles
 x - 2 curare-tipped darts
Armour
 k - the +0 kite shield "Moqomigg" (worn) {Str+3 SInv Stlth+}
   (You found it on level 2 of the Dungeon)

   Str:       It affects your strength (+3).
   SInv:      It lets you see invisible.
   Stlth:     It makes you more stealthy.
Magical Staves
 e - a staff of cold
Jewellery
 f - a ring of flight (left tentacle)
 t - a +4 ring of protection (right tentacle)
 E - a ring of fire
Wands
 z - a wand of mindburst (14)
 G - a wand of flame (2)
Scrolls
 d - 2 scrolls of teleportation {unknown}
 g - a scroll of brand weapon {unknown}
 h - 4 scrolls of poison {unknown}
 i - 9 scrolls of identify {unknown}
 l - 2 scrolls of fear {unknown}
 n - a scroll of fog {unknown}
 o - 2 scrolls of immolation {unknown}
 p - 2 scrolls of noise {unknown}
 u - a scroll of silence {unknown}
 y - a scroll of enchant weapon {unknown}
 I - a scroll of blinking {unknown}
Potions
 a - 2 potions of magic
 b - 3 potions of curing
 c - 3 potions of flight
 j - 2 potions of heal wounds
 m - 2 potions of cancellation {unknown}
 q - a potion of attraction {unknown}
 s - 3 potions of haste {unknown}
 v - a potion of might {unknown}
 D - 2 potions of degeneration {unknown}
 F - a potion of berserk rage {unknown}
 H - a potion of brilliance {unknown}


   Skills:
 - Level 4.0 Fighting
 - Level 2.0 Dodging
 + Level 5.7 Stealth
 + Level 5.1 Shields
 - Level 4.0 Spellcasting
 + Level 4.4 Hexes
 + Level 7.4 Summonings
 + Level 2.7 Air Magic


You had 7 spell levels left.
You knew the following spells:

 Your Spells              Type           Power      Damage    Failure   Level
a - Summon Small Mammal   Summ           100%       N/A       2%          1
b - Call Imp              Summ           64%        N/A       3%          2
c - Call Canine Familiar  Summ           32%        N/A       7%          3
d - Summon Guardian Gole  Hex/Summ       26%        N/A       12%         3

Your spell library contained the following spells:

 Spells                   Type           Power      Damage    Failure   Level
 Apportation              Tloc           6%         N/A       43%         1
 Magic Dart               Conj           12%        1d3       43%         1
 Necrotise                Necr           12%        1d4       43%         1
 Summon Lightning Spire   Summ/Air       23%        N/A       50%         4
 Scorch                   Fire           6%         2d5       56%         2
 Sublimation of Blood     Necr           3%         N/A       56%         2
 Wereblood                Tmut           3%         N/A       56%         2
 Mephitic Cloud           Conj/Pois/Air  7%         N/A       67%         3
 Summon Cactus Giant      Summ           16%        N/A       98%         6
 Flame Wave               Conj/Fire      3%         2d5       99%         4
 Summon Hydra             Summ           16%        N/A       100%        7


Dungeon Overview and Level Annotations

Branches:
Dungeon (6/15)             Temple (1/1) D:5           Sewer (visited)

Altars:
Ashenzari
Cheibriados
Dithmenos
Elyvilon
Fedhas
Gozag
Hepliaklqana
Kikubaaqudgha
Makhleb
Nemelex Xobeh
Okawaru
Qazlal
Ru
Sif Muna
Trog
Vehumet
Wu Jian
Xom
Yredelemnul
Zin
The Shining One

Shops:
D:5 =


Innate Abilities, Weirdness & Mutations

You cannot wear most types of armour.
You are amphibious.
You can wear up to eight rings at the same time.
Your skin changes colour to match your surroundings (Stealth+).
Your rubbery body absorbs attacks. (AC +1, EV +1)
((You are camouflaged when in or above water. (Stealth+)))
You have tentacles for arms and can constrict up to eight enemies at once.


Message History

Something completely misses your guardian golem.
Something hits your guardian golem but does no damage.
The orc priest hits your guardian golem with a +0 hand axe!
Your guardian golem overheats!
Something hits your guardian golem but does no damage.
The orc priest begins to cast a cantrip, but forgets the words!
What are your orders? t - Shout!
Orders for allies: a - Attack new target. r - Retreat! s - Stop attacking. g - Guard the area. f - Follow me.
Anything else - Cancel.
Gang up on whom?
Press: ? - help, Dir - move target, f - orc priest
Aim: an orc priest, wielding a +0 hand axe and wearing a +0 ring mail Attack!
The orc priest mumbles some strange prayers to Beogh against you.
You struggle to resist.
What are your orders? t - Shout!
Orders for allies: a - Attack new target. r - Retreat! s - Stop attacking. g - Guard the area. f - Follow me.
Anything else - Cancel.
Gang up on whom?
Press: ? - help, Dir - move target, f - orc priest
Aim: an orc priest, wielding a +0 club and wearing a +0 leather armour Attack!
The orc priest calls down the wrath of Beogh upon you.
Beogh smites you!
The orc priest invokes the aid of Beogh against you.
Beogh smites you!
* * * LOW HITPOINT WARNING * * *
The orc priest hits your guardian golem but does no damage.
The orc priest hits your guardian golem with a +0 hand axe.
Flame seeps out of your guardian golem.
The orc priest mumbles some strange prayers to Beogh against you.
Beogh smites you!
You die...
Kikubaaqudgha rasps: "You have failed me!
Welcome... death!"

...'....######### .
...#.##.########## ..o
#.##.#........#
.....#oooo..>......#
...$..)..#.9........#
......o§o##o........#
.
####...†.##.........#
#..
#.....###..###.###....
#.....# ##@.##.#...#
#.....# ##.##h..#
####### #..#5###
##.#.# #...# ###># ###


You could see 2 orc priests, an orc wizard (invisible) and a friendly guardian
golem (summoned, inner flame).

Vanquished Creatures
  A kobold brigand (Sewer)
  A bullfrog (D:6)
  A hound (D:5)
  A jelly (D:5)
  Crazy Yiuf (D:2)
  An adder (D:5)
  A river rat (Sewer)
  2 white imps
  An ufetubus (D:4)
  A worm (D:5)
  A dart slug (D:2)
  An orc (D:3)
  A ball python (Sewer)
  4 bats
  3 endoplasms (D:4)
  4 giant cockroaches
  2 goblins
  2 hobgoblins
  3 jackals
  2 kobolds (D:1)
  6 quokkas
  2 frilled lizards (D:2)
  5 rats
47 creatures vanquished.

Vanquished Creatures (collateral kills)
  Sigmund (D:5)
  Eustachio (D:4)
  A water moccasin (D:6)
  Duvessa (D:4)
  An ogre (D:6)
  A kobold brigand (Sewer)
  2 scorpions
  Dowan (D:4)
  3 hounds (D:5)
  2 jellies
  2 sleepcaps
  Jessica (D:2)
  Terence (D:2)
  11 adders
  16 gnolls
  A shadow imp (D:6)
  4 dart slugs
  14 orcs
  6 bats
  3 endoplasms
  4 giant cockroaches
  5 hobgoblins
  8 jackals
  A quokka (D:4)
  14 ball pythons
  5 frilled lizards
  6 goblins
  15 kobolds
  9 rats
140 creatures vanquished.

Vanquished Creatures (others)
  Edmund (D:4)
  An orc warrior (D:6)
  A black bear (D:4)
  A scorpion (D:5)
  Ijyb (D:4)
5 creatures vanquished.

Grand Total: 192 creatures vanquished

Notes
Turn   | Place    | Note
-------+----------+-------------------------------------------
     0 | D:1      | wingedge the Octopode Summoner began the quest for the Orb.
     0 | D:1      | Reached XP level 1. HP: 11/11 MP: 3/3
   140 | D:1      | Reached skill level 1 in Fighting
   200 | D:1      | Reached XP level 2. HP: 18/18 MP: 3/5
   626 | D:1      | Reached XP level 3. HP: 22/23 MP: 3/7
   672 | D:1      | Learned a level 2 spell: Call Imp
   676 | D:1      | Learned a level 3 spell: Call Canine Familiar
   973 | D:2      | Noticed Terence
   992 | D:2      | Killed Terence
   993 | D:2      | Reached XP level 4. HP: 29/29 MP: 1/8
  1185 | D:2      | Reached skill level 5 in Summonings
  1185 | D:2      | Reached XP level 5. HP: 34/34 MP: 2/9
  1426 | D:2      | Identified the +0 kite shield "Moqomigg" {Str+3 SInv
                  | Stlth+}
  1774 | D:2      | Found a runed translucent door.
  1775 | D:2      | Noticed Crazy Yiuf
  1789 | D:2      | Killed Crazy Yiuf
  2186 | D:2      | Reached skill level 1 in Shields
  2239 | D:2      | Reached XP level 6. HP: 41/41 MP: 1/11
  2372 | D:2      | Noticed Jessica
  2384 | D:2      | Reached skill level 1 in Hexes
  2387 | D:2      | Killed Jessica
  2888 | D:3      | Learned a level 3 spell: Summon Guardian Golem
  3672 | D:3      | Found a shimmering blue altar of Sif Muna.
  3672 | D:3      | Found a basalt altar of Yredelemnul.
  3672 | D:3      | Found a blossoming altar of Fedhas.
  3677 | D:3      | Reached skill level 1 in Air Magic
  3878 | D:4      | Noticed Edmund
  3906 | D:4      | Reached XP level 7. HP: 12/46 MP: 5/12
  3935 | D:4      | Killed Edmund
  4125 | D:4      | Found a glowing drain.
  4130 | Sewer    | Entered a sewer
  5122 | D:4      | Reached XP level 8. HP: 50/54 MP: 9/14
  5294 | D:4      | Noticed Ijyb
  5323 | D:4      | Killed Ijyb
  5703 | D:4      | Noticed Eustachio
  5736 | D:4      | Killed Eustachio
  5737 | D:4      | Reached skill level 5 in Stealth
  5737 | D:4      | Reached skill level 6 in Summonings
  5907 | D:4      | Noticed Dowan
  5908 | D:4      | Noticed Duvessa
  5932 | D:4      | Killed Duvessa
  5939 | D:4      | Killed Dowan
  6229 | D:5      | Entered Level 5 of the Dungeon
  6320 | D:5      | Found a staircase to the Ecumenical Temple.
  6332 | Temple   | Entered the Ecumenical Temple
  6471 | Temple   | Became a worshipper of Kikubaaqudgha
  6844 | D:5      | Noticed Sigmund
  6868 | D:5      | Killed Sigmund
  7195 | D:5      | Reached skill level 7 in Summonings
  7312 | D:5      | Reached XP level 9. HP: 58/58 MP: 12/15
  7466 | D:5      | Found Otygesk's Jewellery Shop.
  7979 | D:6      | Reached skill level 5 in Shields
  8015 | D:6      | Killed from afar by an orc priest

Illustrated notes

Levels and vault maps discovered:
D:1:      dpeg_arrival_rooms_a, layout_basic
D:2:      layout_basic, minmay_tetromino_o2, uniq_terence, uniq_jessica,
          uniq_crazy_yiuf_cottage
D:3:      layout_basic, gammafunk_temple_overflow_claw, nrook_loot_triangle
D:4:      layout_basic, gup_sewer_entry_pipe, amethyst_killhole, uniq_ijyb,
          uniq_duvessa, uniq_eustachio, uniq_edmund
D:5:      layout_basic, minmay_temple_entry_wispy, serial_glass,
          glass_columns_b, glass_columns_a, serial_shops,
          nicolae_shop_gaudy_bauble, chequers_serial_rivers_room_b, uniq_sigmund
D:6:      layout_basic, ebering_ghost_sewer_f
Temple:   mainiacjoe_temple_coin_purse

Skill      XL: |  1  2  3  4  5  6  7  8  9 |
---------------+----------------------------+-----
Fighting       | 1 2 3 4 |  4.0
Spellcasting   | 3 4 |  4.0
Stealth        | 3 4 5 |  5.7
Summonings     | 5 7 |  7.4
Shields        | 1 2 4 5 |  5.1
Hexes          | 1 2 4 |  4.4
Air Magic      | 1 2 |  2.7
Dodging        | |  2.0

Action                     |  1- 3 |  4- 6 |  7- 9 || total
---------------------------+-------+-------+-------++-------
  Melee: Whip              |    25 |       |       ||    25
         Constrict         |    11 |    11 |    25 ||    47
         Tentacles         |     5 |     9 |    27 ||    41
         Short sword       |     2 |    37 |    59 ||    98
         Punch             |       |       |     1 ||     1
         Flail             |       |       |    26 ||    26
  Throw: Throwing net      |       |     1 |       ||     1
   Cast: Summon Small Mamm |    29 |     7 |     2 ||    38
         Call Imp          |     2 |    17 |    23 ||    42
         Call Canine Famil |     1 |    31 |    35 ||    67
         Summon Guardian G |       |     5 |    19 ||    24
    Use: Potion            |       |     3 |       ||     3
   Stab: Sleeping          |     6 |     5 |     3 ||    14
         Held in net/web   |       |     1 |       ||     1
         Distracted        |       |       |     1 ||     1
 Armour: Skin              |       |     6 |    30 ||    36
  Dodge: Dodged            |    13 |    34 |    62 ||   109
  Block: Kite shield       |       |       |     9 ||     9
